Map: Automaton LE

Players

Xoning - Winner!

  • Race: Protoss Protoss
  • League: Gold
  • Spawn Location: 9:00

Mesrob

  • Race: Terran Terran
  • League: Gold
  • Spawn Location: 3:00

VOD

Have the link to the VOD?

Description

Time

  • Played on: Jan. 11, 2019, 9:21 a.m.
  • Length: 18:48
Show
View Real Time Build Order
Export as new Build Order

Xoning Protoss - Winner!

Build Orders: Phoenix Opening 

Get SALT Encoding   

  12  0:02  Probe  
  13  0:16  Pylon  
  13  0:20  Probe  
  14  0:32  Probe  
  15  0:36  Gateway  
  15  0:42  Probe  
  16  0:50  Probe  
  16  0:57  Assimilator  
  17  0:59  Probe  
  18  1:11  Probe  
  19  1:23  Probe  
  20  1:26  Cybernetics Core  
  20  1:32  Zealot  
  22  1:35  Probe  
  23  1:50  Pylon  
  24  2:08  Probe  
  24  2:09  Assimilator  
  24  2:16  Stargate  
  24  2:20  Probe  
  25  2:32  Probe, Nexus  
  26  2:46  Pylon  
  28  2:55  Probe  
  28  2:56  Warp Gate  
  28  2:57  Phoenix  
  28  2:58  Stalker  
  31  3:17  Phoenix  
  31  3:20  Gateway  
  33  3:29  Pylon  
  33  3:34  Phoenix  
  35  3:50  Probe x2  
  37  3:57  Phoenix  
  37  4:02  Probe x2  
  41  4:12  Stalker  
  41  4:14  Probe  
  44  4:25  Phoenix  
  44  4:28  Probe x2  
  48  4:40  Probe  
  48  4:41  Probe  
  50  4:51  Probe x2  
  50  4:53  Pylon  
  50  4:55  Phoenix  
  50  4:56  Pylon  
  50  4:59  Probe x2  
  56  5:14  Stalker x2  
  56  5:17  Probe x2  
  62  5:25  Assimilator  
  62  5:28  Assimilator  
  62  5:29  Probe x2  
  64  5:41  Probe  
  62  5:57  Probe x2  
  63  6:08  Phoenix  
  63  6:09  Probe x2  
  67  6:21  Probe x2  
  67  6:23  Fleet Beacon  
  69  6:33  Probe x2, Phoenix  
  71  6:45  Probe x2  
  73  6:55  Nexus  
  73  6:59  Stalker, Twilight Council  
  73  7:00  Stalker  
  77  7:28  Robotics Facility  
  77  7:40  Pylon  
  77  7:41  Pylon  
  77  7:43  Pylon  
  77  7:44  Pylon  
  77  7:45  Pylon  
  77  7:47  Pylon  
  77  7:59  Probe  
  77  8:00  Probe  
  79  8:07  Probe  
  79  8:08  Probe  
  79  8:09  Charge  
  81  8:16  Forge, Probe x2  
  81  8:17  Forge  
  82  8:25  Immortal  
  83  8:28  Probe x2  
  89  8:37  Probe x3  
  89  8:39  Protoss Ground Armor Level 1, Protoss Ground Weapons Level 1  
  92  8:44  Stalker  
  92  8:45  Stalker, Probe x3  
  96  8:54  Probe  
  96  8:55  Probe x2  
  99  9:02  Stargate  
  102  9:06  Stargate  
  102  9:07  Probe x3  
  105  9:19  Probe, Gateway x2  
  105  9:20  Gateway  
  105  9:22  Gateway  
  105  9:23  Gateway  
  106  9:24  Gateway  
  106  9:27  Gateway  
  106  9:30  Immortal  
  110  9:34  Tempest  
  115  9:39  Probe x3  
  118  9:50  Assimilator  
  118  9:51  Probe x3  
  121  9:53  Stalker  
  121  9:55  Assimilator  
  123  10:03  Probe x2  
  123  10:04  Tempest x2  
  125  10:12  Tempest  
  140  10:29  Pylon  
  140  10:32  Protoss Ground Weapons Level 2  
  140  10:33  Protoss Ground Armor Level 2  
  140  10:34  Pylon  
  140  10:38  Pylon  
  140  10:40  Pylon  
  140  10:41  Pylon  
  140  10:43  Pylon  
  140  10:46  Immortal  
  144  11:01  Tempest x2  
  144  11:02  Tempest  
  159  11:17  Immortal  
  163  12:03  Immortal  
  163  12:05  Tempest x3  
  182  12:30  Robotics Facility  
  182  12:33  Robotics Facility  
  182  12:42  Immortal  
  186  12:48  Zealot  
  188  12:55  Protoss Ground Weapons Level 3, Protoss Ground Armor Level 3  
  188  12:59  Pylon x2  
  188  13:03  Pylon  
  188  14:21  Zealot  
  188  14:22  Zealot x5  
  184  15:26  Immortal x3  
  158  15:39  Protoss Shields Level 1  
  142  15:43  Zealot  
  142  15:44  Zealot  
  142  15:45  Zealot x7  
  160  15:59  Immortal  
  160  16:06  Oracle  
  167  16:13  Zealot x3  
  167  16:14  Zealot x6  
  167  16:15  Immortal x2  
  177  16:33  Immortal  
  165  16:51  Zealot  
  165  16:52  Stalker  
  165  16:53  Stalker x7  
  183  17:04  Tempest x3  
  154  17:46  Immortal x3  
  154  17:47  Tempest x2  
  154  17:48  Tempest  
  181  17:51  Zealot x2  
  181  17:52  Zealot x7  
  185  18:38  Zealot  
Show
View Real Time Build Order
Export as new Build Order

Mesrob Terran 

Build Orders: Mech 

Get SALT Encoding   

  12  0:00  SCV  
  13  0:12  SCV  
  14  0:18  Supply Depot  
  14  0:24  SCV  
  15  0:40  SCV  
  16  0:44  Barracks  
  16  0:52  SCV  
  16  0:54  Refinery  
  17  1:04  SCV  
  18  1:16  SCV  
  19  1:28  SCV  
  20  1:39  Marine  
  21  1:42  Command Center  
  21  1:45  Orbital Command  
  21  2:00  Bunker  
  21  2:05  Barracks Tech Lab  
  21  2:18  Supply Depot  
  20  2:24  SCV  
  21  2:31  Factory  
  21  2:47  Engineering Bay  
  21  2:55  Marine  
  21  2:57  Orbital Command  
  22  3:02  Supply Depot  
  22  3:03  SCV  
  23  3:06  Refinery  
  23  3:15  SCV  
  24  3:21  Marine  
  25  3:27  SCV  
  25  3:31  Siege Tank  
  25  3:32  Armory  
  29  3:35  Supply Depot  
  29  3:44  SCV  
  30  3:51  SCV  
  31  3:56  SCV  
  32  4:03  Siege Tank, SCV  
  32  4:08  SCV  
  37  4:13  Supply Depot  
  37  4:15  SCV  
  38  4:25  Missile Turret x2  
  38  4:26  SCV  
  38  4:27  SCV  
  40  4:35  Command Center  
  40  4:38  SCV  
  41  4:40  SCV  
  42  4:46  Missile Turret  
  42  4:50  SCV  
  43  4:52  Sensor Tower  
  43  4:57  Refinery, SCV  
  44  5:02  SCV  
  44  5:04  Siege Tank  
  48  5:10  SCV  
  48  5:12  Factory  
  49  5:36  Siege Tank  
  49  5:39  Missile Turret  
  51  6:01  Missile Turret  
  47  6:24  Missile Turret  
  44  6:32  SCV x3  
  46  6:42  Missile Turret  
  46  6:43  Terran Vehicle Weapons Level 1  
  46  6:44  SCV x3  
  46  6:46  Factory Tech Lab  
  49  6:47  Siege Tank  
  52  6:54  Refinery  
  52  6:56  SCV  
  53  7:02  Missile Turret  
  53  7:04  Factory  
  53  7:45  Thor  
  53  7:46  Thor  
  65  7:53  Missile Turret  
  64  8:13  Missile Turret  
  64  8:16  Planetary Fortress  
  64  8:18  Missile Turret, SCV x2  
  66  8:23  Missile Turret  
  66  8:30  SCV x2  
  68  8:34  Missile Turret  
  68  8:38  Missile Turret  
  68  8:42  SCV  
  68  8:43  SCV  
  68  8:46  Factory Reactor  
  70  8:48  Thor  
  70  8:49  Thor  
  82  8:56  Refinery  
  82  8:58  Refinery  
  82  9:05  Sensor Tower  
  82  9:08  Terran Vehicle And Ship Armor Level 1  
  82  9:13  Armory  
  82  9:28  Supply Depot  
  82  9:29  Hellion  
  84  9:40  SCV  
  85  9:49  Thor  
  85  9:50  SCV x2  
  85  9:51  Supply Depot  
  93  9:53  Supply Depot  
  93  10:02  Sensor Tower  
  93  10:13  Hellbat, Hellion, Supply Depot x2, SCV x3  
  100  10:23  Thor  
  106  10:31  Factory  
  106  10:34  Hellbat, Thor  
  114  10:36  Supply Depot  
  114  10:39  Starport  
  114  10:41  Hellion  
  114  10:49  Hellion  
  114  10:55  Hellbat  
  114  10:56  Hellbat  
  118  11:06  Thor  
  124  11:16  Hellbat  
  124  11:17  Starport, Hellbat  
  128  11:28  Supply Depot  
  128  11:30  Supply Depot  
  128  11:38  Hellbat  
  130  11:40  Factory Tech Lab  
  130  11:45  Hellbat  
  130  11:49  Thor  
  130  11:50  Supply Depot  
  130  11:51  Thor  
  130  11:54  Starport, Supply Depot  
  142  11:59  Hellbat  
  141  12:06  Hellbat  
  140  12:17  Supply Depot  
  140  12:32  Starport, Thor  
  140  12:34  Thor  
  152  12:40  Supply Depot  
  147  13:02  Thor  
  147  13:04  Supply Depot  
  153  13:10  Starport  
  152  13:15  Thor  
  152  14:04  Missile Turret  
  152  14:05  Missile Turret  
  152  14:06  Missile Turret  
  152  14:07  Missile Turret  
  152  14:08  Missile Turret x2  
  148  14:10  Missile Turret  
  147  14:40  Starport Tech Lab x4  
  147  14:42  Supply Depot  
  147  15:00  SCV x2  
  149  15:13  Fusion Core  
  115  15:31  Thor x2  
  103  15:45  Thor  
  103  15:46  Hellbat, Hellion  
  113  16:07  Hellbat x2  
  113  16:09  Hellion  
  117  16:14  Thor x2  
  123  16:27  Thor  
  123  16:29  Hellbat x2  
  109  16:45  Battlecruiser x4  
  115  17:03  Thor x2  
  115  17:05  Hellbat x2  
  131  17:10  Thor  
  81  17:46  Thor x2  
Tags
 
Composition
Mech
League
GoldGold
Matchup
PvT
Replay Pack
sc2 replays
Spawn Locations
Cross Positions
Add a new tag
Caveats
  • Supply blocks, unpowered buildings, or Contaminate may cause inaccurate times.
  • Supply counts are checked every 10 seconds.